2021 views
Uploaded 2024-05-23 16:39:11
Game version 1.36 (6115)
16:02 long 1on1 custom game on (2)EchoIsles
Game name "123stg"
Saved by VladStg
2021 views
Uploaded 2024-05-23 16:39:11
Game version 1.36 (6115)
16:02 long 1on1 custom game on (2)EchoIsles
Game name "123stg"

/ 0.2k
22 buildings @ 2.1k
/ 1k

| Peasant | 10 | 750 | / | 0 |
| Priest | 4 | 540 | / | 40 |
| Sorceress | 3 | 465 | / | 60 |
| Dragonhawk Rider | 5 | 1000 | / | 150 |
| total: | 22 | 2755g | / | 250w |
| Scout Tower | 4 | 120 | / | 80 |
| Arcane Tower | 1 | 70 | / | 50 |
| Guard Tower | 3 | 210 | / | 150 |
| Altar of Kings | 1 | 180 | / | 50 |
| Farm | 9 | 720 | / | 180 |
| Lumber Mill | 1 | 120 | / | 0 |
| Barracks | 1 | 160 | / | 60 |
| Blacksmith | 1 | 140 | / | 60 |
| Arcane Vault | 1 | 130 | / | 30 |
| Arcane Sanctum | 2 | 300 | / | 280 |
| Gryphon Aviary | 2 | 280 | / | 300 |
| Keep | 1 | 320 | / | 210 |
| Castle | 1 | 360 | / | 210 |
| total: | 22 | 2150g | / | 1040w |
| 0:02 | Peasant |
| 0:02 | Peasant |
| 0:15 | Altar of Kings |
| 0:22 | Farm |
| 0:27 | Peasant |
| 0:36 | Farm |
| 0:39 | Peasant |
| 0:39 | Peasant |
| 1:00 | Scout Tower |
| 1:22 | Lumber Mill |
| 1:26 | Peasant |
| 1:30 | Arcane Tower |
| 1:32 | Scout Tower |
| 2:02 | Peasant |
| 2:02 | Peasant |
| 2:06 | Farm |
| 2:34 | Flame Strike |
| 2:48 | Guard Tower |
| 3:35 | Peasant |
| 3:35 | Peasant |
| 3:51 | Keep |
| 3:58 | Scout Tower |
| 4:18 | Barracks |
| 4:25 | Scout Tower |
| 4:29 | Guard Tower |
| 4:32 | Improved Masonry |
| 4:32 | Improved Lumber Harvesting |
| 5:08 | Guard Tower |
| 5:28 | Blacksmith |
| 6:17 | Arcane Sanctum |
| 6:22 | Arcane Sanctum |
| 7:15 | Priest |
| 7:18 | Sorceress |
| 7:20 | Sorceress |
| 7:51 | Priest Adept Training |
| 7:51 | Priest |
| 7:53 | Sorceress Adept Training |
| 7:55 | Priest |
| 8:23 | Castle |
| 8:59 | Sorceress |
| 9:16 | Gryphon Aviary |
| 9:27 | Gryphon Aviary |
| 10:22 | Iron Forged Swords |
| 10:55 | Siphon Mana |
| 11:01 | Storm Hammers |
| 11:20 | Arcane Vault |
| 11:45 | Farm |
| 11:47 | Farm |
| 11:56 | Farm |
| 12:02 | Dragonhawk Rider |
| 12:13 | Advanced Masonry |
| 12:26 | Priest Master Training |
| 12:26 | Priest |
| 12:35 | Dragonhawk Rider |
| 12:56 | Dragonhawk Rider |
| 13:15 | Dragonhawk Rider |
| 13:35 | Dragonhawk Rider |
| 13:44 | Studded Leather Armor |
| 14:43 | Farm |
| 14:43 | Farm |
| 14:47 | Farm |
| 15:18 | Flame Strike |
| 15:29 | Cloud |
| Right click | 952 |
| Select | 288 |
| Select group | 230 |
| Build/train/purchase | 46 |
| Assign group | 39 |
| Misc. action | 38 |
| Use ability | 20 |
| Remove unit | 4 |
29 units @ 4.9k
/ 0.4k
18 buildings @ 3.2k
/ 1.3k


| Healing Salve | 3 | 300 |
| Lesser Clarity Potion | 2 | 140 |
| total: | 5 | 440g |
| Peon | 11 | 825 | / | 0 |
| Grunt | 8 | 1600 | / | 0 |
| Raider | 2 | 360 | / | 80 |
| Wind Rider | 8 | 2120 | / | 320 |
| total: | 29 | 4905g | / | 400w |
| Watch Tower | 3 | 330 | / | 240 |
| Altar of Storms | 1 | 180 | / | 50 |
| Orc Burrow | 7 | 1120 | / | 280 |
| Barracks | 1 | 180 | / | 50 |
| Voodoo Lounge | 1 | 130 | / | 30 |
| War Mill | 1 | 205 | / | 0 |
| Great Hall | 2 | 770 | / | 370 |
| Beastiary | 2 | 290 | / | 280 |
| Stronghold | 1 | 315 | / | 190 |
| Fortress | 1 | 325 | / | 190 |
| total: | 18 | 3205g | / | 1300w |
| 0:01 | Peon |
| 0:01 | Peon |
| 0:03 | Altar of Storms |
| 0:17 | Orc Burrow |
| 0:32 | Barracks |
| 0:33 | Peon |
| 0:47 | Peon |
| 1:04 | Peon |
| 1:20 | Peon |
| 1:26 | Orc Burrow |
| 1:35 | Grunt |
| 1:43 | Peon |
| 1:57 | Voodoo Lounge |
| 2:08 | Feral Spirit |
| 2:18 | Grunt |
| 3:04 | Grunt |
| 3:31 | Grunt |
| 3:40 | Grunt |
| 3:42 | Stronghold |
| 3:46 | Orc Burrow |
| 4:07 | Grunt |
| 4:14 | Healing Salve |
| 4:21 | Lesser Clarity Potion |
| 5:09 | Chain Lighting |
| 5:15 | Orc Burrow |
| 5:17 | War Mill |
| 6:38 | Great Hall |
| 7:12 | Great Hall |
| 7:16 | Feral Spirit |
| 7:17 | Endurance Aura |
| 8:19 | Beastiary |
| 8:22 | Beastiary |
| 8:47 | Shockwave |
| 8:55 | Berserker Strength |
| 8:55 | Grunt |
| 8:57 | Steel Melee Weapons |
| 9:12 | Healing Salve |
| 9:12 | Healing Salve |
| 9:17 | Lesser Clarity Potion |
| 9:50 | Peon |
| 9:50 | Peon |
| 9:50 | Peon |
| 9:51 | Peon |
| 9:55 | Watch Tower |
| 10:04 | Thorium Melee Weapons |
| 10:07 | Raider |
| 10:08 | Ensnare |
| 10:08 | Raider |
| 10:09 | Grunt |
| 10:53 | Wind Rider |
| 10:53 | Wind Rider |
| 11:27 | Wind Rider |
| 11:29 | Orc Burrow |
| 11:32 | Orc Burrow |
| 12:17 | Steel Ranged Weapons |
| 12:19 | Fortress |
| 12:21 | Wind Rider |
| 12:23 | Orc Burrow |
| 12:48 | Chain Lighting |
| 13:00 | Wind Rider |
| 13:02 | Wind Rider |
| 13:30 | Watch Tower |
| 13:30 | Watch Tower |
| 13:40 | Shockwave |
| 14:06 | Wind Rider |
| 15:17 | Wind Rider |
| 15:18 | Envenomed Spears |
| Right click | 1238 |
| Select group | 746 |
| Select | 333 |
| Misc. action | 97 |
| Assign group | 63 |
| Build/train/purchase | 63 |
| Use ability | 18 |
| Chat | 5 |
| Item give/drop | 2 |
| Remove unit | 2 |